SAAA
JERSEY CITY SUN CAPS @ CALGARY LYNX
06/21/2022
 
TOP OF THE 1ST
Jersey City Sun Caps batting - Pitching for Calgary Lynx : RHP César Arellano
Pitching: RHP César Arellano
Batting: RHB Matt Brown 0-0: Called Strike
0-1: Swinging Strike
0-2: Ball
1-2: SINGLE (Line Drive, 4M)
Batting: RHB Anrrique Bolo 0-0: Ball
1-0: Grounds into double play, 6-4-3 (Groundball, 56)
Batting: LHB Marlon Randall 0-0: Ground out 4-3 (Groundball, 13)
Top of the 1st over - 0 run(s), 1 hit(s), 0 error(s), 0 left on base; Jersey City 0 - Calgary 0
BOTTOM OF THE 1ST
Calgary Lynx batting - Pitching for Jersey City Sun Caps : RHP Carlos Guzmán
Pitching: RHP Carlos Guzmán
Batting: RHB Darren Tomlinson 0-0: Ball
1-0: Fly out, F3 (Popup, 3DF)
Batting: RHB Alfredo Méndez 0-0: Ball
1-0: Ball
2-0: Called Strike
2-1: Fly out, F7 (Line Drive, 7M)
Batting: LHB José Alonso 0-0: Foul Ball, location: 2F
0-1: Ball
1-1: Ball
2-1: Foul Ball, location: 2F
2-2: Foul Ball, location: 2F
2-2: SOLO HOME RUN (Flyball, 9D), Distance : 342 ft
Batting: RHB António Varela 0-0: Ball
1-0: Ball
2-0: Ball
3-0: Called Strike
3-1: Foul Ball, location: 2F
3-2: Ground out 6-3 (Groundball, 6S)
Bottom of the 1st over - 1 run(s), 1 hit(s), 0 error(s), 0 left on base; Jersey City 0 - Calgary 1
TOP OF THE 2ND
Jersey City Sun Caps batting - Pitching for Calgary Lynx : RHP César Arellano
Batting: RHB Eddy Baxter 0-0: DOUBLE (Line Drive, 8RD)
Batting: RHB Tony Quintana 0-0: Swinging Strike
0-1: Foul Ball, location: 2F
0-2: Ball
1-2: DOUBLE (Flyball, 8RXD)
Eddy Baxter scores
Batting: SHB Dominique Prost 0-0: Ball
1-0: SINGLE (Line Drive, 9LS)
Tony Quintana to third
Batting: RHB Bryan Wilson 0-0: Ball
1-0: Fly out, F7 (Flyball, 7M)
Runner from 3rd tags up, SCORES, throw made
Batting: LHB John Robertson 0-0: Called Strike
0-1: Fly out, F8 (Flyball, 8RM)
Batting: RHB Christian O'Dell 0-0: Called Strike
0-1: Fly out, F8 (Flyball, 8LD)
Top of the 2nd over - 2 run(s), 3 hit(s), 0 error(s), 1 left on base; Jersey City 2 - Calgary 1
BOTTOM OF THE 2ND
Calgary Lynx batting - Pitching for Jersey City Sun Caps : RHP Carlos Guzmán
Batting: RHB Tony Farquharson 0-0: Called Strike
0-1: Ball
1-1: Ball
2-1: Swinging Strike
2-2: Ball
3-2: Ground out 6-3 (Groundball, 6)
Batting: SHB Tom Craft 0-0: Ball
1-0: Ball
2-0: Called Strike
2-1: Foul Ball, location: 2F
2-2: Foul Ball, location: 2F
2-2: Foul Ball, location: 2F
2-2: Strikes out swinging
Batting: RHB David Ramírez 0-0: SINGLE (Groundball, 6) (infield hit)
Batting: RHB Emílio Ortíz 0-0: Called Strike
0-1: Ball
1-1: Ball
2-1: Ball
3-1: Base on Balls
David Ramírez to second
Batting: RHB Jim Browning 0-0: Foul Ball, location: 2F
0-1: Ball
Reached via error on a dropped throw, E3
David Ramírez to third
Emílio Ortíz to second
Batting: RHB Darren Tomlinson 0-0: Called Strike
0-1: SINGLE (Flyball, 89S)
David Ramírez scores
Emílio Ortíz to third
Jim Browning to second
Runner from 3rd tries for Home, SAFE, no throw or cutoff
Batting: RHB Alfredo Méndez 0-0: Ball
1-0: Ball
2-0: Foul Ball, location: 2F
2-1: Fly out, F8 (Flyball, 8LM)
Bottom of the 2nd over - 2 run(s), 2 hit(s), 1 error(s), 2 left on base; Jersey City 2 - Calgary 3
TOP OF THE 3RD
Jersey City Sun Caps batting - Pitching for Calgary Lynx : RHP César Arellano
Batting: RHB Matt Brown 0-0: Called Strike
0-1: Ball
1-1: Ball
2-1: Foul Ball, location: 2F
2-2: Ground out 6-3 (Groundball, 6M)
Batting: RHB Anrrique Bolo 0-0: Swinging Strike
0-1: Foul Ball, location: 2F
0-2: SINGLE (Line Drive, 6MD)
Batting: LHB Marlon Randall 0-0: Ball
1-0: Ball
2-0: Ball
3-0: Called Strike
3-1: Called Strike
3-2: Strikes out looking
Anrrique Bolo steals 2nd base
Batter strikes out.
Batting: RHB Eddy Baxter 0-0: Ball
1-0: Foul Ball, location: 2F
1-1: SINGLE (Flyball, 8RS)
Anrrique Bolo to third
Runner from 3rd tries for Home, SAFE, throw made home
Batting: RHB Tony Quintana 0-0: Ball
1-0: Foul Ball, location: 2F
1-1: Swinging Strike
1-2: Strikes out looking
Top of the 3rd over - 1 run(s), 2 hit(s), 0 error(s), 1 left on base; Jersey City 3 - Calgary 3
BOTTOM OF THE 3RD
Calgary Lynx batting - Pitching for Jersey City Sun Caps : RHP Carlos Guzmán
Batting: LHB José Alonso 0-0: Called Strike
0-1: SINGLE (Line Drive, 89S)
Batting: RHB António Varela 0-0: Ball
1-0: Called Strike
1-1: Ball
2-1: Fly out, F7 (Flyball, 78D)
Batting: RHB Tony Farquharson 0-0: Ball
José Alonso is caught stealing 2nd base
1-0: Called Strike
1-1: Ground out 6-3 (Groundball, 6M)
Bottom of the 3rd over - 0 run(s), 1 hit(s), 0 error(s), 0 left on base; Jersey City 3 - Calgary 3
TOP OF THE 4TH
Jersey City Sun Caps batting - Pitching for Calgary Lynx : RHP César Arellano
Batting: SHB Dominique Prost 0-0: Ball
1-0: Ball
2-0: Swinging Strike
2-1: Ball
3-1: Base on Balls
Batting: RHB Bryan Wilson 0-0: Foul Ball, location: 2F
0-1: Ball
1-1: SINGLE (Groundball, 34D)
Dominique Prost to second
Runner from 2nd tries for 3rd, SAFE, throw made to third
Bryan Wilson to second
Batting: LHB John Robertson 0-0: SINGLE (Groundball, 2R) (infield hit)
Batting: RHB Christian O'Dell 0-0: Ball
1-0: Ball
2-0: Called Strike
2-1: Ball
3-1: Base on Balls
Dominique Prost scores
Bryan Wilson to third
John Robertson to second
Batting: RHB Matt Brown 0-0: Swinging Strike
0-1: Ball
1-1: Ball
2-1: Fly out, F8 (Flyball, 8LD)
Runner from 3rd tags up, SCORES, no throw
Batting: RHB Anrrique Bolo 0-0: Foul Ball, location: 2F
0-1: Grounds into double play, 5-4-3 (Groundball, 56)
Top of the 4th over - 2 run(s), 2 hit(s), 0 error(s), 1 left on base; Jersey City 5 - Calgary 3
BOTTOM OF THE 4TH
Calgary Lynx batting - Pitching for Jersey City Sun Caps : RHP Carlos Guzmán
Batting: SHB Tom Craft 0-0: Ball
1-0: Ball
2-0: Swinging Strike
2-1: Foul Ball, location: 2F
2-2: Foul Ball, location: 2F
2-2: Ball
3-2: Base on Balls
Batting: RHB David Ramírez 0-0: Ball
Tom Craft steals 2nd base
1-0: Ball
2-0: Ball
3-0: Called Strike
3-1: Called Strike
3-2: SINGLE (Groundball, 6M)
Tom Craft to third
Batting: RHB Emílio Ortíz Pickoff Throw to First - Error! E1
Tom Craft scores
David Ramírez to second
0-0: Ball
1-0: Ball
2-0: TRIPLE (Line Drive, 9LM)
David Ramírez scores
Batting: RHB Jim Browning 0-0: Called Strike
0-1: Foul Ball, location: 2F
0-2: Ball
1-2: Ground out 6-3 (Groundball, 6M)
Emílio Ortíz scores
Pitching: LHP Denver Johnston
Batting: RHB Darren Tomlinson 0-0: Ball
1-0: DOUBLE (Flyball, 89M)
Batting: RHB Alfredo Méndez 0-0: Called Strike
0-1: Ground out 5-3 (Groundball, 5)
Batting: LHB José Alonso 0-0: Ball
1-0: Ball
2-0: Ball
3-0: Base on Balls
Batting: RHB António Varela 0-0: Foul Ball, location: 2F
0-1: Ground out 5-3 (Groundball, 6)
Bottom of the 4th over - 3 run(s), 3 hit(s), 1 error(s), 2 left on base; Jersey City 5 - Calgary 6
TOP OF THE 5TH
Jersey City Sun Caps batting - Pitching for Calgary Lynx : RHP César Arellano
Batting: LHB Marlon Randall 0-0: Ball
1-0: Swinging Strike
1-1: Ball
2-1: Ball
3-1: Base on Balls
Batting: RHB Eddy Baxter 0-0: Ball
1-0: Foul Ball, location: 2F
1-1: Ball
2-1: Swinging Strike
2-2: Hit by Pitch
Marlon Randall to second
Batting: RHB Tony Quintana 0-0: Called Strike
0-1: Ball
1-1: Ball
2-1: SINGLE (Flyball, 78S)
Marlon Randall to third
Eddy Baxter to second
Runner from 3rd tries for Home, SAFE, throw made home
Eddy Baxter to third
Tony Quintana to second
Batting: SHB Dominique Prost 0-0: Ball
1-0: Foul Ball, location: 2F
1-1: SINGLE (Groundball, 3D)
Eddy Baxter scores
Tony Quintana to third
Pitching: RHP Clancy McKinney
Batting: RHB Bryan Wilson 0-0: Called Strike
0-1: Ball
1-1: Ball
2-1: Ball
3-1: Base on Balls
Dominique Prost to second
Batting: LHB John Robertson 0-0: Grounds into fielders choice 3-2 (Groundball, 34S)
Dominique Prost to third
Bryan Wilson to second
Batting: RHB Christian O'Dell 0-0: Foul Ball, location: 2F
0-1: Ball
1-1: Ball
Wild Pitch!
Dominique Prost scores
Bryan Wilson to third
John Robertson to second
2-1: Ground out 1-3 (Groundball, 15)
Batting: RHB Matt Brown 0-0: Hit by Pitch
Batting: RHB Anrrique Bolo 0-0: Ball
1-0: Foul Ball, location: 2F
1-1: Foul Ball, location: 2F
1-2: Ball
2-2: Foul Ball, location: 2F
2-2: Ball
3-2: Foul Ball, location: 2F
3-2: SINGLE (Groundball, 5L)
Bryan Wilson scores
John Robertson to third
Matt Brown to second
John Robertson scores
Matt Brown to third
Batting: LHB Marlon Randall 0-0: Ball
1-0: Ball
2-0: Ball
3-0: Called Strike
3-1: Swinging Strike
3-2: Foul Ball, location: 2F
3-2: Foul Ball, location: 2F
3-2: Base on Balls
Anrrique Bolo to second
Batting: RHB Eddy Baxter 0-0: Foul Ball, location: 2F
0-1: Fly out, F8 (Flyball, 8RD)
Top of the 5th over - 5 run(s), 3 hit(s), 0 error(s), 3 left on base; Jersey City 10 - Calgary 6
BOTTOM OF THE 5TH
Calgary Lynx batting - Pitching for Jersey City Sun Caps : LHP Denver Johnston
Batting: RHB Tony Farquharson 0-0: Ball
1-0: Ball
2-0: Ball
3-0: Called Strike
3-1: Base on Balls
Batting: SHB Tom Craft 0-0: Called Strike
0-1: Ball
1-1: Swinging Strike
1-2: Strikes out swinging
Batting: RHB David Ramírez 0-0: Ball
1-0: Ball
2-0: Ball
3-0: Base on Balls
Tony Farquharson to second
Batting: RHB Emílio Ortíz 0-0: Called Strike
0-1: Swinging Strike
0-2: Strikes out looking
Batting: RHB Jim Browning 0-0: Foul Ball, location: 2F
0-1: Called Strike
0-2: Ball
1-2: Foul Ball, location: 2F
1-2: Ball
2-2: Ball
3-2: SINGLE (Line Drive, 7LS)
Tony Farquharson to third
David Ramírez to second
Tony Farquharson scores
David Ramírez to third
Batting: RHB Darren Tomlinson 0-0: Ball
1-0: Called Strike
1-1: Foul Ball, location: 2F
1-2: Ball
2-2: SINGLE (Line Drive, 4M)
David Ramírez scores
Jim Browning to second
Batting: RHB Alfredo Méndez 0-0: Called Strike
0-1: DOUBLE (Flyball, 78M)
Jim Browning scores
Darren Tomlinson to third
Batting: LHB José Alonso 0-0: Ball
1-0: Foul Ball, location: 2F
1-1: Ball
2-1: Called Strike
2-2: SINGLE (Groundball, 34S)
Darren Tomlinson scores
Alfredo Méndez to third
Runner from 3rd tries for Home, SAFE, no throw or cutoff
Pitching: LHP Jim Unknown
Batting: RHB António Varela Pickoff Throw to First - Out!
Bottom of the 5th over - 5 run(s), 4 hit(s), 0 error(s), 0 left on base; Jersey City 10 - Calgary 11
TOP OF THE 6TH
Jersey City Sun Caps batting - Pitching for Calgary Lynx : RHP Clancy McKinney
Batting: RHB Tony Quintana 0-0: Ball
1-0: Ball
2-0: Ball
3-0: Called Strike
3-1: Swinging Strike
3-2: Foul Ball, location: 2F
3-2: Base on Balls
Batting: SHB Dominique Prost 0-0: Called Strike
0-1: Called Strike
0-2: Ball
1-2: Ball
2-2: Strikes out swinging
Batting: RHB Bryan Wilson 0-0: Ball
1-0: Called Strike
1-1: Ball
2-1: Fly out, F8 (Flyball, 8RS)
Batting: LHB John Robertson 0-0: Ball
1-0: Foul Ball, location: 2F
1-1: Ball
2-1: TRIPLE (Flyball, 8RXD)
Tony Quintana scores
Pitching: RHP Sean Brown
Batting: RHB Christian O'Dell 0-0: Called Strike
0-1: SINGLE (Groundball, 56D)
John Robertson scores
Batting: RHB Matt Brown 0-0: Swinging Strike
0-1: Ball
1-1: Called Strike
1-2: Strikes out swinging
Top of the 6th over - 2 run(s), 2 hit(s), 0 error(s), 1 left on base; Jersey City 12 - Calgary 11
BOTTOM OF THE 6TH
Calgary Lynx batting - Pitching for Jersey City Sun Caps : LHP Jim Unknown
Batting: RHB António Varela 0-0: Ball
1-0: Foul Ball, location: 2F
1-1: Called Strike
1-2: Hit by Pitch
Batting: RHB Tony Farquharson 0-0: Ball
1-0: Ball
2-0: Ball
3-0: Called Strike
3-1: Base on Balls
António Varela to second
Batting: SHB Tom Craft 0-0: Ball
1-0: Ball
2-0: Bunted foul
2-1: Bunted foul
2-2: Ball
3-2: SINGLE (Groundball, 56)
António Varela to third
Tony Farquharson to second
Runner from 3rd tries for Home, SAFE, throw made home
Tony Farquharson to third
Tom Craft to second
Batting: RHB David Ramírez 0-0: Intentional Walk
Batting: RHB Emílio Ortíz 0-0: Grounds into fielders choice 5-2 (Groundball, 56)
Tom Craft to third
David Ramírez to second
Batting: RHB Jim Browning 0-0: Called Strike
0-1: Ball
1-1: Fly out, F8 (Flyball, 8RM)
Runner from 3rd tags up, SCORES, throw made
Batting: RHB Darren Tomlinson 0-0: Called Strike
0-1: Ball
1-1: Ground out 5-3 (Groundball, 5S)
Bottom of the 6th over - 2 run(s), 1 hit(s), 0 error(s), 2 left on base; Jersey City 12 - Calgary 13
TOP OF THE 7TH
Jersey City Sun Caps batting - Pitching for Calgary Lynx : RHP Sean Brown
Batting: RHB Anrrique Bolo 0-0: Called Strike
0-1: Ball
1-1: SINGLE (Groundball, 56)
Batting: LHB Marlon Randall 0-0: SINGLE (Groundball, 5D)
Anrrique Bolo to second
Batting: RHB Eddy Baxter 0-0: Ball
1-0: Ball
2-0: Fly out, F9 (Line Drive, 9M)
Batting: RHB Tony Quintana 0-0: Swinging Strike
0-1: Foul Ball, location: 2F
0-2: Ball
1-2: Strikes out swinging
Batting: SHB Dominique Prost 0-0: Ball
1-0: Foul Ball, location: 2F
1-1: Foul Ball, location: 2F
1-2: Ball
2-2: Strikes out looking
Top of the 7th over - 0 run(s), 2 hit(s), 0 error(s), 2 left on base; Jersey City 12 - Calgary 13
BOTTOM OF THE 7TH
Calgary Lynx batting - Pitching for Jersey City Sun Caps : LHP Jim Unknown
Batting: RHB Alfredo Méndez 0-0: Ball
1-0: Called Strike
1-1: Fly out, F9 (Flyball, 89M)
Batting: LHB José Alonso 0-0: Called Strike
0-1: Ball
1-1: Called Strike
1-2: Ball
2-2: DOUBLE (Line Drive, 9LM) - OUT at third base trying to stretch hit.
Batting: RHB António Varela 0-0: Ball
1-0: Ball
2-0: Foul Ball, location: 2F
2-1: Ball
3-1: Base on Balls
Batting: RHB Tony Farquharson 0-0: Fly out, F5 (Line Drive, 56)
Bottom of the 7th over - 0 run(s), 1 hit(s), 0 error(s), 1 left on base; Jersey City 12 - Calgary 13
TOP OF THE 8TH
Jersey City Sun Caps batting - Pitching for Calgary Lynx : RHP Sean Brown
Batting: RHB Bryan Wilson 0-0: Called Strike
0-1: Ball
1-1: Foul Ball, location: 2F
1-2: Ball
2-2: Ground out 6-3 (Groundball, 6)
Pitching: RHP Ánibal Sánchez
Batting: LHB John Robertson 0-0: Called Strike
0-1: Called Strike
0-2: Ball
1-2: Ball
2-2: Strikes out swinging
Pitching: RHP Willie Cameron
Batting: RHB Christian O'Dell 0-0: Ball
1-0: Ball
2-0: SINGLE (Line Drive, 34D)
Batting: RHB Matt Brown 0-0: Ball
1-0: Ball
2-0: Fly out, F8 (Flyball, 8RM)
Top of the 8th over - 0 run(s), 1 hit(s), 0 error(s), 1 left on base; Jersey City 12 - Calgary 13
BOTTOM OF THE 8TH
Calgary Lynx batting - Pitching for Jersey City Sun Caps : LHP Jim Unknown
Batting: SHB Tom Craft 0-0: Ball
1-0: Swinging Strike
1-1: Swinging Strike
1-2: Strikes out swinging
Batting: RHB David Ramírez 0-0: Called Strike
0-1: Ball
1-1: Foul Ball, location: 2F
1-2: Ball
2-2: DOUBLE (Flyball, 8LM)
Pinch Hitting: RHB John Huff 0-0: Intentional Walk
Batting: RHB Jim Browning 0-0: Called Strike
0-1: Ball
1-1: Ball
David Ramírez steals 3rd base
John Huff to second
2-1: SINGLE (Groundball, 56D)
David Ramírez scores
John Huff to third
Runner from 3rd tries for Home, SAFE, no throw or cutoff
Pitching: RHP Gilberto Soto
Batting: RHB Darren Tomlinson 0-0: Ball
1-0: Called Strike
1-1: Ball
2-1: Ball
3-1: Base on Balls
Jim Browning to second
Batting: RHB Alfredo Méndez 0-0: Ball
1-0: Ball
2-0: Called Strike
2-1: Ball
3-1: SINGLE (Flyball, 8LS)
Jim Browning to third
Darren Tomlinson to second
Batting: LHB José Alonso 0-0: Swinging Strike
0-1: Foul Ball, location: 2F
0-2: Ball
1-2: Ball
2-2: Foul Ball, location: 2F
2-2: Ball
3-2: Base on Balls
Jim Browning scores
Darren Tomlinson to third
Alfredo Méndez to second
Batting: RHB António Varela 0-0: Foul Ball, location: 2F
0-1: Foul Ball, location: 2F
0-2: Ball
1-2: Grounds into double play, 6-4-3 (Groundball, 6)
Bottom of the 8th over - 3 run(s), 3 hit(s), 0 error(s), 2 left on base; Jersey City 12 - Calgary 16
TOP OF THE 9TH
Jersey City Sun Caps batting - Pitching for Calgary Lynx : RHP Willie Cameron
Now in CF: John Huff
Batting: RHB Anrrique Bolo 0-0: Ball
1-0: Swinging Strike
1-1: Ball
2-1: Ball
3-1: Called Strike
3-2: Fly out, F9 (Line Drive, 9M)
Batting: LHB Marlon Randall 0-0: Called Strike
0-1: Ball
1-1: Swinging Strike
1-2: Ball
2-2: Strikes out looking
Batting: RHB Eddy Baxter 0-0: Ball
1-0: Called Strike
1-1: SINGLE (Flyball, 9LS)
Batting: RHB Tony Quintana 0-0: Foul Ball, location: 2F
0-1: Ball
1-1: Called Strike
1-2: Ball
2-2: Strikes out swinging
Top of the 9th over - 0 run(s), 1 hit(s), 0 error(s), 1 left on base; Jersey City 12 - Calgary 16
This league is powered by Out of the Park Baseball, the baseball management simulation game for PC, Mac and Linux
Friday, April 15th, 2016 - OOTP Baseball 16.9 Build 39